Map: Ley Lines

Players

Vaisravana - Winner!

  • Race: Zerg Zerg
  • Spawn Location: 7:00

A.I. 2 (Very Hard)

  • Race: Zerg Zerg
  • Spawn Location: 1:00

VOD

Have the link to the VOD?

Description

Time

  • Played on: May 5, 2025, 8:33 a.m.
  • Length: 7:28
Show
View Real Time Build Order
Export as new Build Order

Vaisravana Zerg - Winner!

Build Orders: Pool First 

Get SALT Encoding   

  12  0:00  Drone  
  13  0:12  Overlord  
  13  0:17  Drone  
  14  0:30  Drone x2  
  16  0:41  Spawning Pool  
  15  0:44  Drone  
  15  0:48  Drone  
  17  1:07  Hatchery  
  16  1:12  Drone  
  16  1:14  Extractor  
  16  1:28  Zergling x6  
  19  1:35  Queen  
  21  1:42  Drone  
  22  1:50  Overlord  
  22  2:10  Queen, Drone  
  22  2:14  Drone  
  26  2:22  Drone  
  27  2:23  Drone  
  27  2:26  Queen  
  30  2:44  Drone  
  30  2:45  Overlord, Drone x2  
  30  2:47  Drone  
  30  2:49  Drone  
  35  2:53  Drone  
  36  3:00  Lair  
  36  3:13  Evolution Chamber  
  36  3:18  Roach Warren  
  36  3:19  Drone x3  
  37  3:26  Evolution Chamber  
  37  3:35  Evolution Chamber  
  37  3:38  Drone x6  
  42  3:42  Extractor x2  
  42  3:45  Drone x2  
  42  3:58  Drone x2  
  42  3:59  Overlord x2  
  42  4:02  Glial Reconstitution  
  44  4:10  Zerg Missile Weapons Level 1  
  44  4:18  Drone x5  
  44  4:19  Drone  
  44  4:21  Drone  
  51  4:28  Roach x2  
  51  4:31  Roach  
  57  4:36  Roach  
  59  4:41  Overlord x2  
  59  4:59  Roach x5  
  69  5:01  Roach  
  69  5:05  Roach  
  73  5:07  Overlord  
  73  5:12  Roach  
  75  5:25  Roach x4  
  83  5:30  Overlord x2  
  83  5:33  Hatchery  
  82  5:36  Roach  
  83  5:50  Roach x7  
  93  6:02  Roach x2  
  93  6:11  Overlord  
  93  6:12  Overlord  
  93  6:24  Overlord x2  
  93  6:31  Roach x5  
  103  6:36  Roach  
  105  6:40  Roach  
  107  6:47  Roach x3  
  107  6:48  Roach x5  
  121  7:01  Roach x3  
Show
View Real Time Build Order
Export as new Build Order

A.I. 2 (Very Hard) Zerg 

Build Orders: Pool First 

Get SALT Encoding   

  12  0:00  Drone  
  13  0:13  Overlord  
  13  0:16  Drone  
  14  0:31  Drone x2  
  16  0:43  Spawning Pool  
  16  0:45  Drone  
  16  0:49  Drone  
  17  1:12  Hatchery, Drone  
  17  1:15  Extractor  
  17  1:17  Drone  
  17  1:21  Drone  
  18  1:28  Drone  
  19  1:38  Overlord  
  19  1:48  Queen  
  19  1:49  Drone  
  22  2:00  Zergling x2  
  23  2:11  Drone  
  24  2:21  Overlord  
  24  2:23  Zergling x2  
  24  2:24  Queen  
  26  2:32  Drone  
  26  2:34  Drone  
  27  2:41  Roach Warren  
  27  2:43  Extractor  
  25  2:45  Drone  
  25  2:50  Drone  
  27  2:54  Drone  
  27  2:57  Drone  
  29  3:04  Drone  
  30  3:06  Drone  
  31  3:14  Drone, Zergling x2  
  31  3:15  Zergling x2  
  34  3:22  Roach x2  
  38  3:27  Roach  
  38  3:30  Roach  
  38  3:33  Drone  
  43  3:40  Overlord  
  43  3:49  Lair  
  43  3:54  Metabolic Boost  
  43  3:59  Overlord, Drone  
  43  4:02  Drone  
  45  4:03  Drone  
  45  4:07  Drone  
  45  4:09  Zergling x2  
  48  4:12  Zergling x2  
  48  4:14  Zergling x2  
  50  4:21  Drone, Evolution Chamber  
  50  4:25  Evolution Chamber  
  50  4:26  Drone  
  50  4:28  Drone  
  50  4:31  Drone  
  52  4:32  Drone  
  52  4:36  Drone  
  54  4:47  Zerg Missile Weapons Level 1  
  54  4:48  Drone, Hydralisk Den  
  54  4:52  Zerg Ground Armor Level 1  
  54  4:55  Overlord  
  54  4:59  Roach  
  56  5:01  Roach  
  58  5:13  Ravager, Drone, Roach  
  58  5:14  Overlord, Extractor  
  61  5:16  Drone  
  61  5:18  Drone  
  61  5:20  Hydralisk, Drone  
  66  5:32  Hydralisk x2, Overlord  
  66  5:33  Extractor  
  69  5:36  Hydralisk  
  69  5:37  Drone  
  69  5:39  Drone  
  69  5:41  Drone  
  74  5:43  Drone  
  74  5:49  Drone x2  
  75  5:50  Drone  
  75  5:52  Overlord  
  75  5:54  Zergling x2  
  75  5:56  Zergling x2  
  74  5:58  Drone  
  74  6:02  Roach  
  67  6:05  Roach  
  67  6:07  Roach  
  67  6:09  Roach  
  62  6:12  Hydralisk  
  62  6:15  Zergling x2  
  62  6:17  Zergling x2  
  62  6:19  Hydralisk  
  62  6:22  Hydralisk  
  60  6:26  Hydralisk  
  60  6:31  Roach  
  58  6:34  Roach  
  58  6:38  Roach  
  52  6:41  Zergling x2  
  52  6:44  Zergling x2  
  27  7:04  Zergling x2, Roach  
Tags
 
Matchup
ZvZ
Race
Zerg
Spawn Locations
Cross Positions
Add a new tag
Caveats
  • Supply blocks, unpowered buildings, or Contaminate may cause inaccurate times.
  • Supply counts are checked every 10 seconds.